 Dungeon Crawl Stone Soup version 0.21-a0-518-g43a1781948 (webtiles) character file.

324 Kaname the Conjurer (level 6, 21/41 HPs)
             Began as a Demonspawn Wizard on Dec 4, 2017.
             Was an Initiate of Vehumet.
             Quit the game on level 4 of the Dungeon.
             The game lasted 00:08:52 (3250 turns).

Kaname the Conjurer (Demonspawn Wizard)             Turns: 3250, Time: 00:08:53

Health: 21/41      AC: 12    Str:  7    XL:     6   Next: 23%
Magic:  4/10       EV: 10    Int: 22    God:    Vehumet [......]
Gold:   225        SH:  3    Dex: 11    Spells: 2/11 levels left

rFire    + . .     SeeInvis .   u - +2 dagger (protect)
rCold    + . .     Gourm    .   n - +0 buckler
rNeg     . . .     Faith    .   z - +0 leather armour {rF+}
rPois    .         Spirit   .   b - +0 hat
rElec    .         Reflect  .   (no cloak)
rCorr    .         Harm     .   o - +0 pair of gloves
MR       .....                  k - +0 pair of boots
Stlth    +.........             (no amulet)
HPRegen  0.13/turn              m - ring of protection from cold
MPRegen  0.12/turn              a - +5 ring of protection

@: no status effects
A: claws 1, yellow scales 1, spiny 2
a: Renounce Religion


You were on level 4 of the Dungeon.
You worshipped Vehumet.
Vehumet was noncommittal.
You were not hungry.

You visited 1 branch of the dungeon, and saw 4 of its levels.

You collected 225 gold pieces.

Inventory:

Hand Weapons
 u - a +2 dagger of protection (weapon)
Missiles
 s - a throwing net (quivered)
Armour
 b - a +0 hat (worn)
 k - a +0 pair of boots (worn)
 n - a +0 buckler (worn)
 o - a +0 pair of gloves (worn)
 z - a +0 leather armour of fire resistance (worn)
Jewellery
 a - a +5 ring of protection (right hand)
 m - a ring of protection from cold (left hand)
 v - an uncursed ring of protection from fire
Wands
 i - a wand of paralysis (2)
Scrolls
 c - a scroll of random uselessness {unknown}
 h - a scroll of immolation
 p - 2 scrolls of teleportation
 q - a scroll of enchant armour {unknown}
 t - a scroll of enchant weapon {unknown}
 x - 2 scrolls of remove curse
Potions
 e - a potion of berserk rage {unknown}
 g - a potion of agility {unknown}
 j - a potion of might {unknown}
 r - 3 potions of curing {unknown}
Books
 y - a book of Misfortune

   Spells                             Type                      Level
   a - Confusing Touch                Hexes                        1
   b - Confuse                        Hexes                        3
   c - Gell's Gravitas                Translocation                3
   d - Petrify                        Transmutation/Earth          4
   e - Metabolic Englaciation         Hexes/Ice                    5
   f - Yara's Violent Unravelling     Hexes/Transmutation          5
Comestibles
 d - 2 bread rations
 f - 4 meat rations
 l - 2 royal jellies
 w - a chunk of flesh


   Skills:
 - Level 1.7 Dodging
 - Level 1.7 Stealth
 - Level 3.0 Spellcasting
 + Level 6.0 Conjurations
   Level 1.0 Summonings
 - Level 1.0 Translocations
 - Level 1.1 Air Magic
 - Level 1.0 Poison Magic


You had 2 spell levels left.
You knew the following spells:

 Your Spells              Type           Power        Failure   Level  Hunger
a - Magic Dart            Conj           ####         2%          1    None
b - Conjure Flame         Conj/Fire      ###.....     26%         3    ###....
c - Blink                 Tloc           N/A          30%         2    ##.....
d - Mephitic Cloud        Conj/Pois/Air  ###.....     30%         3    ###....


Dungeon Overview and Level Annotations

Branches:
Dungeon (4/15)
 Temple: D:4-7

Altars:
Elyvilon
Nemelex Xobeh
Ru
Vehumet
Wu Jian


Innate Abilities, Weirdness & Mutations

You have sharp fingernails.
You are partially covered in yellow scales. (AC +2)
You are mostly covered in sharp spines.


Message History

Aiming: Magic Dart
Press: ? - help, Shift-Dir - straight line, f/p - ogre
Aim: an ogre, wielding a giant club (almost dead)
The magic dart hits the ogre.
The ogre is almost dead.
Casting: Magic Dart
Confirm with . or Enter, or press ? or * to list all spells.
Aiming: Magic Dart
Press: ? - help, Shift-Dir - straight line, f/p - ogre
Aim: an ogre, wielding a giant club (almost dead)
The magic dart hits the ogre.
You kill the ogre!
Vehumet accepts your kill.
Your Conjurations skill increases to level 6!
You have reached level 6!
Your experience leads to an increase in your attributes!
Increase (S)trength, (I)ntelligence, or (D)exterity?
You feel clever.
Your demonic ancestry asserts itself...
Yellow scales grow over part of your body.
Are you sure you want to abandon this character and quit the game? (Confirm with "yes".)

#.# #........(.. # #.#
#.#.###..... #[ #.#
#.#......... #.##.#
#.#.###.....
#.#.>..#####.#.####....
#............#†....# #
######.#######†#####
#)# ##.## ####
#@######...# ...
#<##.(.....##.#
#.............#
..####.####...# ##
..##.....##...###.
#..#.......#....##.
...#....)..#.....#.
#......_........##.
##)#.......#...####


There were no monsters in sight!

Vanquished Creatures
  An ogre (D:4)
  An orc wizard (D:3)
  A worker ant (D:4)
  7 gnolls
  An adder (D:4)
  3 oozes
  5 worms
  4 leopard geckos
  14 orcs
  6 bats
  4 goblins
  8 hobgoblins
  3 jackals (D:2)
  6 kobolds
  A quokka (D:3)
  3 frilled lizards
  A leopard gecko skeleton (D:4)
  4 rats
73 creatures vanquished.

Notes
Turn   | Place    | Note
-------+----------+-------------------------------------------
     0 | D:1      | Kaname the Demonspawn Wizard began the quest for the Orb.
     0 | D:1      | Reached XP level 1. HP: 13/13 MP: 4/4
   450 | D:1      | Reached skill level 2 in Conjurations
   667 | D:1      | Gained mutation: You are partially covered in sharp spines. [demonic ancestry]
   667 | D:1      | Reached XP level 2. HP: 19/19 MP: 1/6
   746 | D:1      | Learned a level 2 spell: Call Imp
  1330 | D:2      | Reached skill level 3 in Conjurations
  1344 | D:2      | Gained mutation: You are mostly covered in sharp spines. [demonic ancestry]
  1344 | D:2      | Reached XP level 3. HP: 10/24 MP: 2/7
  1413 | D:2      | Learned a level 2 spell: Blink
  1417 | D:2      | Learned a level 3 spell: Mephitic Cloud
  2333 | D:2      | Reached skill level 4 in Conjurations
  2333 | D:2      | Reached XP level 4. HP: 15/30 MP: 1/8
  2426 | D:2      | HP: 1/30 [gnoll/halberd (14)]
  2442 | D:2      | Reached skill level 1 in Air Magic
  2525 | D:2      | Found an ornate altar of the Wu Jian Council.
  2530 | D:2      | Found a white marble altar of Elyvilon.
  2535 | D:2      | Found a sacrificial altar of Ru.
  2568 | D:3      | Learned a level 3 spell: Conjure Flame
  2678 | D:3      | Reached skill level 1 in Poison Magic
  2693 | D:3      | Reached skill level 1 in Translocations
  2751 | D:3      | Gained mutation: You have sharp fingernails. [demonic ancestry]
  2751 | D:3      | Reached XP level 5. HP: 34/35 MP: 3/9
  2900 | D:3      | Found a sparkling altar of Nemelex Xobeh.
  2939 | D:3      | Reached skill level 5 in Conjurations
  3173 | D:4      | Found a radiant altar of Vehumet.
  3181 | D:4      | Became a worshipper of Vehumet
  3239 | D:4      | Noticed an ogre
  3249 | D:4      | Killed an ogre
  3249 | D:4      | Reached skill level 6 in Conjurations
  3249 | D:4      | Gained mutation: You are partially covered in yellow scales. (AC +2) [demonic ancestry]
  3249 | D:4      | Reached XP level 6. HP: 21/41 MP: 4/10
  3250 | D:4      | Quit the game

Vault maps used:
D:1:      lemuel_arrival_river_passageway
D:2:      minmay_overflow_temple_star_quad
D:3:      lemuel_round_altar
D:4:      nicolae_gozag_cash_rules_everything_around_me, old_standard_altar,
          lemuel_zombie_altar_kikubaaqudgha, first_bread

Skill      XL: |  1  2  3  4  5 |
---------------+----------------+-----
Conjurations   | 2 3 4 6 |  6.0
Air Magic      | 1 |  1.1
Poison Magic   | 1 |  1.0
Translocations | 1 |  1.0
Dodging        | |  1.7
Stealth        | |  1.7
Spellcasting   | |  3.0
Summonings     | |  1.0

Action                   |  1- 3 |  4- 6 || total
-------------------------+-------+-------++-------
Melee: Unarmed           |    18 |       ||    18
       Dagger            |    26 |   102 ||   128
       Club              |    13 |       ||    13
 Cast: Magic Dart        |    69 |    39 ||   108
       Mephitic Cloud    |       |     1 ||     1
  Use: Scroll            |     6 |       ||     6
  Eat: Chunk             |     4 |     4 ||     8
Armor: Robe              |     1 |       ||     1
       Leather armour    |    22 |    32 ||    54
Dodge: Dodged            |    40 |    52 ||    92
Block: Buckler           |     2 |     9 ||    11

Table legend:
 A = Spawn XP
 B = Non-spawn XP
 C = Spawn XP percentage of total XP
 D = Spawn monster count
 E = Non-spawn monster count
 F = Spawn count percentage of total count
 G = Total turns spent on level
                    A         B        C        D         E        F      G
               +---------+---------+-------+---------+---------+-------+---------
         Total |       0 |     464 |   0.0 |       0 |      73 |   0.0 |  3250
               +---------+---------+-------+---------+---------+-------+---------
           D:1 |       0 |      24 |   0.0 |       0 |      12 |   0.0 |  1336
           D:2 |       0 |     114 |   0.0 |       0 |      26 |   0.0 |  1219
           D:3 |       0 |     142 |   0.0 |       0 |      27 |   0.0 |   564
           D:4 |       0 |     184 |   0.0 |       0 |       8 |   0.0 |   131
               +---------+---------+-------+---------+---------+-------+---------
